 Dungeon Crawl Stone Soup version 0.24.0-123-gd5b16e6ec5 (webtiles) character file.

Game seed: 6020920002574223686, levelgen mode: deterministic

51 Elellon the Chopper (level 3, -1/29 HPs)
             Began as a Demonspawn Fighter on Jan 21, 2020.
             Slain by a centaur
             ... wielding a cursed -3 shortbow
              (3 damage)
             ... on level 2 of the Dungeon.
             The game lasted 00:02:11 (1165 turns).

Elellon the Chopper (Demonspawn Fighter)            Turns: 1165, Time: 00:02:11

Health: -1/29      AC:  6    Str: 17    XL:     3   Next: 57%
Magic:  3/3        EV:  6    Int:  9    God:
Gold:   45         SH:  8    Dex: 12    Spells: 2/2 levels left

rFire    . . .     SeeInvis .   a - +0 war axe
rCold    . . .     Gourm    .   c - +0 shield
rNeg     . . .     Faith    .   b - +0 scale mail
rPois    .         Spirit   .   (helmet restricted)
rElec    .         Reflect  .   (no cloak)
rCorr    .         Harm     .   (no gloves)
MR       .....                  (no boots)
Stlth    ..........             (no amulet)
HPRegen  0.09/turn              (no ring)
MPRegen  0.08/turn              (no ring)

@: no status effects
A: antennae 1
a: no special abilities


You were on level 2 of the Dungeon.
You were not hungry.

You visited 1 branch of the dungeon, and saw 2 of its levels.

You collected 45 gold pieces.

Inventory:

Hand Weapons
 a - a +0 war axe (weapon)
Armour
 b - a +0 scale mail (worn)
 c - a +0 shield (worn)
Jewellery
 j - an uncursed ring of ice {unknown}
Wands
 o - a wand of paralysis (5)
Scrolls
 h - a scroll of fear {unknown}
 k - a scroll of identify {unknown}
Potions
 d - a potion of might
 e - 3 potions of curing {unknown}
 i - a potion of brilliance {unknown}
 l - 2 potions of lignification {unknown}
 m - a potion of heal wounds {unknown}
 n - a potion of degeneration {unknown}
Comestibles
 f - 3 rations


   Skills:
 - Level 3.0 Fighting
 + Level 3.6 Axes
 - Level 2.6 Armour
 - Level 2.6 Shields


You had 2 spell levels left.
You didn't know any spells.
Your spell library was empty.

Dungeon Overview and Level Annotations

Branches:
Dungeon (2/15)

Altars:


Innate Abilities, Weirdness & Mutations

You have a pair of small antennae on your head.


Message History

You block the arrow.
You see here 2 arrows.
You are too injured to fight recklessly!
You are too injured to fight recklessly!
You are too injured to fight recklessly!
The centaur shoots an arrow.
You block the arrow.
You see here an arrow.
The centaur shoots an arrow.
The arrow closely misses you.
The centaur hits you but does no damage.
You block the centaur's attack.
You hit the centaur but do no damage.
The centaur hits you with a cursed -3 shortbow.
* * * LOW HITPOINT WARNING * * *
The centaur hits you with a cursed -3 shortbow.
* * * LOW HITPOINT WARNING * * *
You hit the centaur but do no damage.
The centaur hits you with a cursed -3 shortbow.
* * * LOW HITPOINT WARNING * * *
The centaur hits you with a cursed -3 shortbow.
You die...

#...........#######..###.#
#...........# ####.#.#.#
#...........# #......#.#
#...........# #.###..#.#
#...........#####.###(.#.#
#############....(..(..(.#
#......(.....#
#....((.((...#
#..@..)......#
#..c......>..#
..........####.#
.................#
............######
............#
............#
............# ........#


You could see a centaur.

Vanquished Creatures
  An adder (D:2)
  A dart slug (D:1)
  5 leopard geckos
  A giant cockroach (D:1)
  6 goblins
  A hobgoblin (D:2)
  4 jackals (D:1)
  2 ball pythons
  4 bats (D:1)
  2 frilled lizards
  4 kobolds
  2 rats
33 creatures vanquished.

Notes
Turn   | Place    | Note
-------+----------+-------------------------------------------
     0 | D:1      | Elellon the Demonspawn Fighter began the quest for the Orb.
     0 | D:1      | Reached XP level 1. HP: 18/18 MP: 1/1
   155 | D:1      | Gained mutation: You have a pair of small antennae on your
                  | head. [demonic ancestry]
   155 | D:1      | Reached XP level 2. HP: 24/24 MP: 2/2
   435 | D:1      | Reached XP level 3. HP: 28/29 MP: 3/3
  1156 | D:2      | Noticed a centaur
  1165 | D:2      | Slain by a centaur

Levels and vault maps discovered:
D:1:      lightli_arrival_lavapool, layout_rooms
D:2:      layout_basic

Skill      XL: |  1  2 |
---------------+-------+-----
Axes           | 2 3 |  3.6
Fighting       | |  3.0
Armour         | |  2.6
Shields        | |  2.6

Action                   || total
-------------------------++-------
Melee: War axe           ||   116
  Eat: Chunk             ||     1
Armor: Scale mail        ||    85
Dodge: Dodged            ||    45
Block: Shield            ||    80
